 Dungeon Crawl Stone Soup version 0.26-a0-648-g87339cca5e (webtiles) character file.

Game seed: 14567340793610879058

864 Gargoyl the Skirmisher (level 8, -1/67 HPs)
             Began as a Gnoll Abyssal Knight on Sept 25, 2020.
             Was a Priest of Lugonu.
             Slain by Sigmund
             ... wielding a +0 scythe
              (10 damage)
             ... on level 5 of the Dungeon.
             The game lasted 00:05:38 (4496 turns).

Gargoyl the Skirmisher (Gnoll Abyssal Knight)       Turns: 4496, Time: 00:05:38

Health: -1/67      AC:  9    Str: 16    XL:     8   Next: 3%
Magic:  12/12      EV:  9    Int: 15    God:    Lugonu [***...]
Gold:   314        SH:  0    Dex: 15    Spells: 12/12 levels left

rFire    . . .     SeeInvis .   a - +1 hand axe
rCold    . . .     Faith    .   (no shield)
rNeg     . . .     Spirit   .   b - +0 chain mail
rPois    +         Reflect  .   (no helmet)
rElec    .         Harm     .   (no cloak)
rCorr    .         Rampage  .   (no gloves)
MR       +....                  (no boots)
Stlth    ..........             (no amulet)
HPRegen  0.21/turn              c - ring of poison resistance
MPRegen  0.13/turn              p - ring of protection from magic

@: no status effects
A: distributed training, fangs 1, strong nose
a: Depart the Abyss, Bend Space, Banish, Renounce Religion


You were on level 5 of the Dungeon.
You worshipped Lugonu.
Lugonu was most pleased with you.
You visited 1 branch of the dungeon, and saw 5 of its levels.
You visited the Abyss 1 time.

You collected 314 gold pieces.

Inventory:

Hand Weapons
 a - a +1 hand axe (weapon)
Missiles
 k - 2 boomerangs (quivered)
Armour
 b - a +0 chain mail (worn)
Jewellery
 c - a ring of poison resistance (left hand)
 p - a ring of protection from magic (right hand)
Scrolls
 f - a scroll of identify
 g - a scroll of fog
 h - 2 scrolls of remove curse
 j - a scroll of magic mapping
 q - a scroll of blinking
Potions
 e - a potion of invisibility
 i - a potion of haste
 l - 2 potions of heal wounds {unknown}
 m - a potion of stabbing {unknown}
 n - 2 potions of flight {unknown}
 o - a potion of brilliance {unknown}


   Skills:
 + Level 7.2 Fighting
 + Level 2.8 Short Blades
 + Level 2.8 Long Blades
 + Level 5.4 Axes
 + Level 2.8 Maces & Flails
 + Level 2.8 Polearms
 + Level 2.8 Staves
 + Level 2.8 Slings
 + Level 2.8 Bows
 + Level 2.8 Crossbows
 + Level 2.8 Throwing
 + Level 5.4 Armour
 + Level 3.9 Dodging
 + Level 2.8 Stealth
 + Level 2.8 Shields
 + Level 2.8 Unarmed Combat
 + Level 2.8 Spellcasting
 + Level 2.3 Conjurations
 + Level 2.3 Hexes
 + Level 2.3 Summonings
 + Level 2.3 Necromancy
 + Level 2.3 Translocations
 + Level 2.3 Transmutations
 + Level 2.3 Fire Magic
 + Level 2.3 Ice Magic
 + Level 2.3 Air Magic
 + Level 2.3 Earth Magic
 + Level 2.3 Poison Magic
 + Level 5.6 Invocations
 + Level 2.8 Evocations


You had 12 spell levels left.
You didn't know any spells.
Your spell library contained the following spells:

 Spells                   Type           Power        Failure   Level
 Corona                   Hex            #......      75%         1
 Ensorcelled Hibernation  Hex/Ice        #.....       87%         2
 Confusing Touch          Hex            #.......     98%         3
 Dazzling Flash           Conj/Hex       #.....       98%         3
 Tukima's Dance           Hex            #.......     98%         3


Dungeon Overview and Level Annotations

Branches:
Dungeon (5/15)
 Temple: D:4-7

Altars:
Dithmenos
Gozag
Kikubaaqudgha
Ru
Xom

Shops:
D:4 *

Annotations:
D:5 Sigmund


Innate Abilities, Weirdness & Mutations

Your experience applies equally to all skills.
You have very sharp teeth.
Your uncanny sense of smell can sniff out nearby items.


Message History

Unknown command.
You slash the orc wizard!
The orc wizard is almost dead.
You hit something.
The orc wizard hits you with a +0 dagger.
* * * LOW HITPOINT WARNING * * *
Something hits you!
* * * LOW HITPOINT WARNING * * *
You hit the orc wizard.
You kill the orc wizard!
Lugonu accepts your kill.
You have reached level 8!
You feel clever.
Your chain mail prevents you from hitting something.
Something hits you.
* * * LOW HITPOINT WARNING * * *
You feel better.
Okay, then.
You hit something. Something hits you!
You die...

.....
######......
##...........
##..$....<....
#.....>.......
#...$.........
#.............
#.....).......
#...))@.......
##.(..{.......
##..)).......
###.#.......
#.........
##........∆
#.###.....
#.###.#...
##..§#.#...


There were no monsters in sight!

Vanquished Creatures
  An ice beast (D:5)
  A sky beast (D:4)
  A phantom (D:5)
  A scorpion (D:5)
  A howler monkey (D:4)
  2 hounds
  2 bullfrog skeletons
  An iguana (D:4)
  5 orc wizards
  A worker ant (D:4)
  A gnoll (D:1)
  8 adders
  A shadow imp (D:3)
  An adder skeleton (D:4)
  2 worms
  3 dart slugs
  A leopard gecko (D:2)
  10 orcs
  4 ball pythons
  3 giant cockroaches
  7 goblins
  13 hobgoblins
  7 jackals
  4 quokkas
  6 bats
  7 frilled lizards
  5 kobolds
  9 rats
108 creatures vanquished.

Vanquished Creatures (others)
  An orc wizard (D:5)
1 creature vanquished.

Grand Total: 109 creatures vanquished

Notes
Turn   | Place    | Note
-------+----------+-------------------------------------------
     0 | Abyss:1  | Gargoyl the Gnoll Abyssal Knight began the quest for the
                  | Orb.
     0 | Abyss:1  | Reached XP level 1. HP: 23/23 MP: 3/3
    46 | Abyss:2  | Noticed a starcursed mass
    47 | Abyss:2  | Noticed a smoke demon
    48 | D:1      | Escaped the Abyss
   271 | D:1      | Reached * piety under Lugonu
   271 | D:1      | Reached XP level 2. HP: 29/29 MP: 5/5
   647 | D:1      | Reached XP level 3. HP: 26/35 MP: 6/6
  1102 | D:2      | Found a sacrificial altar of Ru.
  1115 | D:2      | Reached skill level 1 in Short Blades
  1115 | D:2      | Reached skill level 1 in Long Blades
  1115 | D:2      | Reached skill level 1 in Maces & Flails
  1115 | D:2      | Reached skill level 1 in Polearms
  1115 | D:2      | Reached skill level 1 in Staves
  1115 | D:2      | Reached skill level 1 in Slings
  1115 | D:2      | Reached skill level 1 in Bows
  1115 | D:2      | Reached skill level 1 in Crossbows
  1115 | D:2      | Reached skill level 1 in Throwing
  1115 | D:2      | Reached skill level 1 in Stealth
  1115 | D:2      | Reached skill level 1 in Shields
  1115 | D:2      | Reached skill level 1 in Unarmed Combat
  1115 | D:2      | Reached skill level 1 in Spellcasting
  1115 | D:2      | Reached skill level 1 in Evocations
  1115 | D:2      | Reached XP level 4. HP: 37/41 MP: 7/7
  1301 | D:2      | Reached skill level 1 in Conjurations
  1301 | D:2      | Reached skill level 1 in Hexes
  1301 | D:2      | Reached skill level 1 in Summonings
  1301 | D:2      | Reached skill level 1 in Necromancy
  1301 | D:2      | Reached skill level 1 in Translocations
  1301 | D:2      | Reached skill level 1 in Transmutations
  1301 | D:2      | Reached skill level 1 in Fire Magic
  1301 | D:2      | Reached skill level 1 in Ice Magic
  1301 | D:2      | Reached skill level 1 in Air Magic
  1301 | D:2      | Reached skill level 1 in Earth Magic
  1301 | D:2      | Reached skill level 1 in Poison Magic
  1545 | D:2      | Found an ancient bone altar of Kikubaaqudgha.
  1546 | D:2      | Found a shadowy altar of Dithmenos.
  1787 | D:2      | Reached XP level 5. HP: 45/47 MP: 8/8
  1936 | D:2      | Reached ** piety under Lugonu
  3030 | D:4      | Noticed a sky beast
  3053 | D:4      | Killed a sky beast
  3053 | D:4      | Reached skill level 5 in Invocations
  3053 | D:4      | Reached XP level 6. HP: 16/53 MP: 9/9
  3280 | D:4      | Found a shadowy altar of Dithmenos.
  3284 | D:4      | Found an opulent altar of Gozag.
  3299 | D:4      | Found Gozag's Platinum Reserve.
  3427 | D:3      | Reached skill level 5 in Axes
  3427 | D:3      | Reached skill level 5 in Armour
  3551 | D:4      | Noticed a phantom
  3553 | D:4      | Noticed an ice beast
  3575 | D:5      | Entered Level 5 of the Dungeon
  3591 | D:5      | Reached XP level 7. HP: 9/59 MP: 10/10
  3861 | D:5      | Reached skill level 7 in Fighting
  3994 | D:4      | Reached *** piety under Lugonu
  4159 | D:4      | Found a shimmering altar of Xom.
  4472 | D:5      | Noticed Sigmund
  4494 | D:5      | Reached XP level 8. HP: 8/67 MP: 12/12
  4494 | D:5      | HP: 2/67 [something (6)]
  4496 | D:5      | Slain by Sigmund

Illustrated notes

Levels and vault maps discovered:
D:1:      minmay_arrival_five_plusses, layout_basic, kennysheep_nondescript
D:2:      layout_loops_ring, grunt_temple_overflow_open, kennysheep_cross_room,
          nicolae_ru_great_annihilating_truth
D:3:      layout_loops_ring
D:4:      layout_cave_pools, nicolae_gozag_zags_fifth_avenue, tgw_xom,
          grunt_dithmenos_smoke_and_mirrors
D:5:      layout_rooms, minmay_manual_maat, uniq_sigmund

Skill      XL: |  1  2  3  4  5  6  7 |
---------------+----------------------+-----
Short Blades   | 1 2 |  2.8
Long Blades    | 1 2 |  2.8
Maces & Flails | 1 2 |  2.8
Polearms       | 1 2 |  2.8
Staves         | 1 2 |  2.8
Slings         | 1 2 |  2.8
Bows           | 1 2 |  2.8
Crossbows      | 1 2 |  2.8
Throwing       | 1 2 |  2.8
Stealth        | 1 2 |  2.8
Shields        | 1 2 |  2.8
Unarmed Combat | 1 2 |  2.8
Spellcasting   | 1 2 |  2.8
Evocations     | 1 2 |  2.8
Conjurations   | 1 2 |  2.3
Hexes          | 1 2 |  2.3
Summonings     | 1 2 |  2.3
Necromancy     | 1 2 |  2.3
Translocations | 1 2 |  2.3
Transmutations | 1 2 |  2.3
Fire Magic     | 1 2 |  2.3
Ice Magic      | 1 2 |  2.3
Air Magic      | 1 2 |  2.3
Earth Magic    | 1 2 |  2.3
Poison Magic   | 1 2 |  2.3
Dodging        | 3 |  3.9
Invocations    | 5 |  5.6
Axes           | 5 |  5.4
Armour         | 5 |  5.4
Fighting       | 7 |  7.2

Action                   |  1- 3 |  4- 6 |  7- 9 || total
-------------------------+-------+-------+-------++-------
Melee: Hand axe          |    57 |   253 |    85 ||   395
       Bite              |     6 |    27 |     6 ||    39
       Punch             |       |     2 |     1 ||     3
Invok: Depart the Abyss  |     1 |       |       ||     1
       Bend Space        |       |     1 |       ||     1
  Use: Scroll            |     2 |     9 |     1 ||    12
       Potion            |     1 |       |     3 ||     4
 Stab: Sleeping          |     1 |     2 |       ||     3
       Invisible         |     1 |       |       ||     1
       Paralysed         |     1 |       |       ||     1
Armor: Leather armour    |    21 |    13 |       ||    34
       Chain mail        |       |   150 |    61 ||   211
       Scale mail        |       |     1 |       ||     1
Dodge: Dodged            |    38 |   145 |    52 ||   235

Table legend: (Time is in decaauts)
 A = Elapsed time spent in this place.
 B = Non-inter-level travel time spent in this place.
 C = Inter-level travel time spent in this place.
 D = Time resting spent in this place.
 E = Time spent auto-exploring this place.
 F = Levels seen in this place.
 G = Mean time per level.
                   A        B        C        D        E       F      G
               +--------+--------+--------+--------+--------+-----+--------+
         Total |   4532 |   4403 |    129 |   1283 |   2140 |   7 |  647.4 |
       Dungeon |   4485 |   4356 |    129 |   1283 |   2136 |   5 |  897.0 |
         Abyss |     47 |     47 |      0 |      0 |      4 |   2 |   23.5 |
               +--------+--------+--------+--------+--------+-----+--------+

Top non-repeatable levels by time:
     D:2: 1274 daAuts
     D:4: 1041 daAuts
     D:1: 921 daAuts
     D:3: 852 daAuts
     D:5: 394 daAuts
 Abyss:2: 36 daAuts
 Abyss:1: 11 daAuts
